 Dungeon Crawl Stone Soup version 0.19-a0-1899-g2d93087 (webtiles) character file.

4488 Flanowski the Carver (level 10, -5/83 HPs)
             Began as a Demonspawn Gladiator on Oct 20, 2016.
             Was a Priest of Makhleb.
             Killed by nerve-wracking pain
             ... invoked by an orc priest
              (12 damage)
             ... on level 9 of the Dungeon.
             The game lasted 00:12:18 (7449 turns).

Flanowski the Carver (Demonspawn Gladiator)         Turns: 7449, Time: 00:12:19

Health: -5/83      AC:  9    Str: 18    XL:     10   Next: 16%
Magic:  10/10      EV: 16    Int:  9    God:    Makhleb [***...]
Gold:   330        SH:  0    Dex: 15    Spells: 0 memorised, 9 levels left

rFire  . . .     SeeInvis .     L - +1 falchion (elec)
rCold  . . .     Gourm    +     b - +0 leather armour
rNeg   . . .     Faith    .     (no shield)
rPois  .         Spirit   .     c - +0 helmet
rElec  .         Reflect  .     (no cloak)
rCorr  .         Harm     .     (no gloves)
MR     .....                    e - +1 pair of boots
Stlth  +.........               w - amulet of the gourmand
                                (no ring)
                                k - +3 ring of protection

@: no status effects
A: hooves 2, repulsion field 2, spiny 2, rot immunity
a: Minor Destruction, Lesser Servant of Makhleb, Renounce Religion


You were on level 9 of the Dungeon.
You worshipped Makhleb.
Makhleb was most pleased with you.
You were completely stuffed.

You visited 2 branches of the dungeon, and saw 10 of its levels.
You also visited: Ossuary.

You collected 330 gold pieces.

Inventory:

Hand Weapons
 E - a +1 long sword of draining
 L - a +1 falchion of electrocution (weapon)
Armour
 b - a +0 leather armour (worn)
 c - a +0 helmet (worn)
 e - a +1 pair of boots (worn)
Jewellery
 k - a +3 ring of protection (left hand)
 w - an amulet of the gourmand (around neck)
 N - a cursed ring of teleportation {unknown}
Wands
 d - a wand of lightning (10/15)
 J - a wand of acid (7/15)
 K - a wand of flame (20/48)
Scrolls
 a - 4 scrolls of recharging {unknown}
 h - 4 scrolls of random uselessness {unknown}
 m - 5 scrolls of teleportation {unknown}
 n - 5 scrolls of remove curse
 o - 3 scrolls of enchant weapon {unknown}
 p - 5 scrolls of immolation {unknown}
 q - 2 scrolls of fear {unknown}
 t - 3 scrolls of amnesia {unknown}
 u - 7 scrolls of identify {unknown}
 v - a scroll of fog {unknown}
 H - a scroll of noise {unknown}
Potions
 g - a potion of cancellation
 l - 5 potions of curing {unknown}
 r - 2 potions of haste {unknown}
 s - 4 potions of might {unknown}
 x - 3 potions of invisibility {unknown}
 z - 2 potions of flight {unknown}
 A - 4 potions of lignification {unknown}
 B - a potion of magic {unknown}
 D - 3 potions of heal wounds {unknown}
 F - 3 potions of brilliance {unknown}
 I - 2 potions of mutation {unknown}
Books
 j - a Young Poisoner's Handbook

   Spells                             Type                      Level
   a - Sting                          Conjuration/Poison           1
   b - Mephitic Cloud                 Conjuration/Poison/Air       3
   c - Olgreb's Toxic Radiance        Poison                       4
   d - Alistair's Intoxication        Transmutation/Poison         5
   e - Venom Bolt                     Conjuration/Poison           5
 y - a book of Misfortune

   Spells                             Type                      Level
   a - Confusing Touch                Hexes                        1
   b - Confuse                        Hexes                        3
   c - Gell's Gravitas                Hexes/Translocation          3
   d - Petrify                        Transmutation/Earth          4
   e - Metabolic Englaciation         Hexes/Ice                    5
   f - Yara's Violent Unravelling     Hexes/Transmutation          5
Comestibles
 f - 8 bread rations
 i - 11 meat rations
 C - 10 fruits
 G - a slice of pizza
 M - a chunk of flesh


   Skills:
 * Level 9.4 Fighting
 + Level 11.0 Long Blades
 - Level 1.7 Throwing
 - Level 2.6 Dodging


You had 9 spell levels left.
You didn't know any spells.

Dungeon Overview and Level Annotations

Branches:
Dungeon (9/15)             Temple (1/1) D:6            Lair (0/6) D:8
    Orc: D:9-12

Altars:
Ashenzari
Cheibriados
Dithmenos
Elyvilon
Fedhas
Gozag
Hepliaklqana
Kikubaaqudgha
Makhleb
Nemelex Xobeh
Okawaru
Qazlal
Ru
Sif Muna
Trog
Uskayaw
Vehumet
Xom
Yredelemnul
Zin
The Shining One

Shops:
D:4 *


Innate Abilities, Weirdness & Mutations

You have hoof-like feet.
You are surrounded by a moderate repulsion field. (EV +3)
You are mostly covered in sharp spines.
You are immune to rotting.


Message History

You closely miss the orc priest. The orc hits you but does no damage.
The orc priest calls down the wrath of Beogh upon you.
Beogh smites you!
* * * LOW HITPOINT WARNING * * *
You closely miss the orc priest. The orc warrior misses you.
The orc priest misses you.
You riposte.
You completely miss the orc priest. You hit the orc priest.
The orc priest is moderately wounded.
The orc hits you but does no damage.
The orc priest is struck by your spines.
The orc priest hits you but does no damage.
The orc warrior completely misses you.
The orc priest calls down the wrath of Beogh upon you.
Beogh smites you!
* * * LOW HITPOINT WARNING * * *
You barely miss the orc priest.
The orc priest is severely wounded.
The orc priest invokes the aid of Beogh against you.
Pain shoots through your body!
You die...

.....#.....'.#'###......
.....#######............
...................#'###
...................#....
........#####......#....
........# #......#....
........# #......#....
#####...# #......'....
#.o@# #......#....
#.oo#####......#....
#.o............#####
..(..................
#.....................
#.....................
#.....................
#..
#.....................
#...
#..............######.


You could see an orc warrior, 2 orc priests and an orc.

Vanquished Creatures
  A troll (D:8)
  2 hippogriffs
  A hungry ghost (D:8)
  Edmund (D:6)
  A water moccasin (D:9)
  A necrophage (D:6)
  2 orc warriors
  A phantom (D:8)
  A sky beast (D:5)
  6 ogres
  3 wolves (D:8)
  2 centaurs
  4 big kobolds
  3 bullfrogs
  3 wyvern skeletons
  5 howler monkeys
  An electric eel (D:8)
  3 jellies
  2 crimson imps
  2 centaur zombies (Ossuary)
  6 hounds
  6 orc wizards
  5 orc priests
  A bullfrog skeleton (D:7)
  9 worker ants
  A big kobold zombie (Ossuary)
  5 mummies (Ossuary)
  2 hound zombies (D:6)
  5 worker ant zombies
  5 adders
  A river rat (D:6)
  A shadow imp (D:7)
  2 oozes
  An adder zombie (D:6)
  An adder skeleton (D:4)
  3 worms
  A dart slug (D:2)
  3 leopard geckos
  22 orcs
  4 ball pythons
  12 bats
  13 giant cockroaches
  A gnoll zombie (Ossuary)
  3 goblins (D:2)
  5 hobgoblins
  14 jackals
  2 quokkas
  A frilled lizard (D:4)
  2 goblin zombies (Ossuary)
  A hobgoblin zombie (Ossuary)
  25 kobolds
  A kobold zombie (Ossuary)
  A quokka skeleton (D:4)
  7 rats
217 creatures vanquished.

Notes
Turn   | Place    | Note
-------+----------+-------------------------------------------
     0 | D:1      | Flanowski the Demonspawn Gladiator began the quest for the Orb.
     0 | D:1      | Reached XP level 1. HP: 16/16 MP: 1/1
   165 | D:1      | Reached skill level 3 in Long Blades
   219 | D:1      | Gained mutation: You are immune to rotting. [demonic ancestry]
   219 | D:1      | Reached XP level 2. HP: 22/22 MP: 2/2
   878 | D:2      | HP: 1/23 [worm (10)]
  1207 | D:2      | Gained mutation: You are partially covered in sharp spines. [demonic ancestry]
  1207 | D:2      | Reached XP level 3. HP: 28/28 MP: 3/3
  1700 | D:2      | Reached skill level 4 in Long Blades
  1827 | D:3      | Gained mutation: You are surrounded by a mild repulsion field. (EV +2) [demonic ancestry]
  1827 | D:3      | Reached XP level 4. HP: 34/34 MP: 4/4
  2226 | D:3      | You fall through a shaft!
  2228 | D:4      | Noticed an ogre
  2237 | D:4      | Killed an ogre
  2237 | D:4      | Gained mutation: You are surrounded by a moderate repulsion field. (EV +3) [demonic ancestry]
  2237 | D:4      | Reached XP level 5. HP: 41/41 MP: 5/5
  2289 | D:4      | Found Jojariuq's General Store.
  2294 | D:4      | Reached skill level 5 in Long Blades
  2663 | D:4      | Found a white marble altar of Elyvilon.
  2842 | D:4      | Gained mutation: You have large cloven feet. [demonic ancestry]
  2842 | D:4      | Reached XP level 6. HP: 48/48 MP: 6/6
  3122 | D:4      | Reached skill level 6 in Long Blades
  3207 | D:4      | Found a stormy altar of Qazlal.
  3207 | D:4      | Found a deep blue altar of Sif Muna.
  3328 | D:5      | Entered Level 5 of the Dungeon
  3591 | D:5      | Noticed a sky beast
  3610 | D:5      | Killed a sky beast
  3610 | D:5      | Reached XP level 7. HP: 22/55 MP: 7/7
  3883 | D:5      | Noticed a hippogriff
  3898 | D:5      | Killed a hippogriff
  3898 | D:5      | Reached skill level 5 in Fighting
  4384 | D:5      | Reached skill level 7 in Long Blades
  4521 | D:6      | Gained mutation: You are mostly covered in sharp spines. [demonic ancestry]
  4521 | D:6      | Reached XP level 8. HP: 63/64 MP: 8/8
  4622 | D:6      | Noticed Edmund
  4629 | D:6      | Killed Edmund
  4629 | D:6      | Reached skill level 8 in Long Blades
  4702 | D:6      | Found a staircase to the Ecumenical Temple.
  4706 | D:6      | Found a basalt altar of Yredelemnul.
  4716 | Temple   | Entered the Ecumenical Temple
  4880 | Temple   | Became a worshipper of Makhleb the Destroyer
  5552 | D:7      | Reached * piety under Makhleb
  5563 | D:7      | Reached skill level 9 in Long Blades
  5566 | D:7      | Gained mutation: You have hoof-like feet. [demonic ancestry]
  5566 | D:7      | Reached XP level 9. HP: 57/72 MP: 9/9
  5978 | D:8      | Found a sand-covered staircase.
  6007 | Ossuary  | Entered an ossuary
  6190 | Ossuary  | Reached ** piety under Makhleb
  6308 | D:8      | Reached skill level 10 in Long Blades
  6539 | D:8      | Found a staircase to the Lair.
  6557 | D:8      | Noticed a troll
  6565 | D:8      | Killed a troll
  6565 | D:8      | Reached XP level 10. HP: 81/83 MP: 10/10
  7215 | D:9      | Reached *** piety under Makhleb
  7352 | D:9      | Reached skill level 11 in Long Blades
  7449 | D:9      | Killed from afar by an orc priest

Vault maps used:
D:1:      onia_arrival_mini_spirals, kennysheep_another_room
D:2:      st_stairs_13, minmay_pentomino_t4
D:4:      minmay_wonky_spiral, overflow_temple_1_default,
          gammafunk_temple_overflow_elements, serial_shops,
          nicolae_shop_statue_plus, minmay_tree_intersection
D:5:      first_bread
D:6:      gup_sewer_entry_spiral, basic_altar, uniq_edmund
D:8:      erik_lair_island, nicolae_ossuary_entry_false_entrances
D:9:      cheibrodos_shockbox
Temple:   dpeg_five_rooms_temple
Ossuary:  ossuary_crypta

Skill      XL: |  1  2  3  4  5  6  7  8  9 10 |
---------------+-------------------------------+-----
Long Blades    | 3 4 5 6 7 9 10 11 | 11.0
Fighting       | 3 4 5 7 9 |  9.4
Throwing       | |  1.7
Dodging        | |  2.6

Action                   |  1- 3 |  4- 6 |  7- 9 | 10-12 || total
-------------------------+-------+-------+-------+-------++-------
Melee: Long sword        |    92 |    94 |   318 |     4 ||   508
       Falchion          |       |       |       |    28 ||    28
Throw: Throwing net      |     1 |     4 |       |       ||     5
  Use: Potion            |       |       |     2 |       ||     2
       Scroll            |       |       |     1 |       ||     1
 Stab: Sleeping          |     2 |     1 |       |       ||     3
       Held in net/web   |       |     1 |       |       ||     1
  Eat: Chunk             |     3 |     5 |    28 |     3 ||    39
Armor: Leather armour    |    32 |    21 |    76 |     8 ||   137
Dodge: Dodged            |    74 |    55 |   210 |    24 ||   363
       Rpst.: Long sword |    26 |    19 |    56 |     5 ||   106
       Falchion          |       |       |       |     5 ||     5
